AoeStats
← 玩印度的哥们硬不起来

MegaRandom

509323218Analyzed
2v2 RM · 6d ago on Sep 26, 2026· 27m 53s· 4 players
Game mode
Random Map
Map size
Medium (4 player)
Population
200
Speed
Normal
Resources
Standard
Victory
Conquest
Starting age
Dark Age
Ending age
Imperial Age
RankedLock teamsTeams togetherTeam positionsShared explorationLock speedFull tech treeHidden civsTurbo modeCheats
Victory
Defeat
🇫🇷 Varangians · France
1554
+14
🇫🇷 Ethiopians · France
1436
+18
🇦🇷 Aztecs · Argentina
1554
-18
1435
-14
玩印度的哥们硬不起来
0:32 Loom
12:31 Feudal Age
13:03 Double-Bit Axe
14:29 Wheelbarrow
21:42 Castle Age
22:35 Fletching
23:51 Bodkin Arrow
24:19 Ballistics
24:15 Bow Saw
[QHB]Hammer warriors
0:38 Loom
9:54 Feudal Age
10:24 Man-at-Arms
11:07 Double-Bit Axe
14:07 Horse Collar
15:10 Fletching
19:31 Padded Archer Armor
27:56 Castle Age
Le_groOumf
0:32 Loom
10:50 Feudal Age
11:43 Double-Bit Axe
16:59 Bloodlines
19:03 Wheelbarrow
18:27 Horse Collar
25:53 Castle Age
24:42 Scale Barding Armor
25:39 Forging
26:53 Bow Saw
27:05 Chain Barding Armor
26:34 Light Cavalry
PironovskyII
0:30 Loom
11:04 Feudal Age
11:40 Double-Bit Axe
14:24 Fletching
19:27 Wheelbarrow
23:00 Castle Age
21:38 Padded Archer Armor
23:59 Bodkin Arrow
23:25 Crossbowman
26:23 Town Watch
Connection lost

Rejoining the realm…

Still unreachable

The connection could not be restored.

Session expired

The server has moved on; the page needs a fresh start.